 Dungeon Crawl Stone Soup version 0.28-a0-390-gb254ac4902 (webtiles) character file.

Game seed: 3666895324615741818

42 olmar the Magician (level 3, -1/29 HPs)
             Began as a Djinni Warper on Sept 3, 2021.
             Was a Follower of Fedhas.
             Slain by a quokka (3 damage)
             ... on level 2 of the Dungeon.
             The game lasted 00:02:48 (2447 turns).

olmar the Magician (Djinni Warper)                  Turns: 2447, Time: 00:02:50

Health: -1/29      AC:  3    Str:  9 (11) XL:     3   Next: 77%
Gold:   40         EV: 11    Int: 13 (14) God:    Fedhas [*.....] SH:  0 Dex: 11 (12)

rFire   + + .      SeeInvis .   a - +0 falchion
rCold   x . .      Faith    .   (no shield)
rNeg    . . .      Spirit   .   b - +0 leather armour
rPois   ∞          Reflect  .   (no helmet)
rElec   .          Harm     .   (no cloak)
rCorr   .          Rampage  .   (no gloves)
Will    .....                   (boots unavailable)
Stlth   +.........              (no amulet)
HPRegen 0.09/turn               (no ring)
MPRegen 0.00/turn               (no ring)

@: flying
A: sickness immunity, fire resistance 2, cold vulnerability 1, float, innate
caster, hp casting, extra vitality 1
a: Renounce Religion


You were on level 2 of the Dungeon.
You worshipped Fedhas.
Fedhas was aware of your devotion.
You visited 1 branch of the dungeon, and saw 2 of its levels.

You collected 40 gold pieces.

Inventory:

Hand Weapons
 a - a +0 falchion (weapon)
Missiles
 d - 5 boomerangs of dispersal (quivered)
Armour
 b - a +0 leather armour (worn)
Scrolls
 c - a scroll of blinking
 e - a scroll of magic mapping {unknown}
 g - a scroll of silence {unknown}
 h - a scroll of noise {unknown}
 i - a scroll of acquirement {unknown}
Potions
 f - a potion of curing {unknown}


   Skills:
 + Level 2.5 Fighting
 + Level 2.1 Long Blades
 + Level 0.7 Throwing
 + Level 1.5 Armour
 + Level 2.2 Dodging
 + Level 2.8 Spellcasting


You couldn't memorise any spells.
You knew the following spells:

 Your Spells              Type           Power      Damage    Failure   Level
a - Blink                 Tloc           N/A        N/A       14%         2
b - Lesser Beckoning      Tloc           9%         N/A       28%         3
c - Gell's Gravitas       Tloc           4%         N/A       28%         3
d - Teleport Other        Tloc           9%         N/A       28%         3
e - Manifold Assault      Tloc           9%         N/A       95%         5
f - Corona                Hex            10%        N/A       10%         1
Your spell library was empty.

Dungeon Overview and Level Annotations

Branches:
Dungeon (2/15)

Altars:
Fedhas


Innate Abilities, Weirdness & Mutations

You are immune to sickness and miasma.
You are immune to poison.
Your flesh is very heat resistant. (rF++)
You are vulnerable to cold. (rC-)
You float through the air rather than walking.
You learn spells naturally, not from books.
Your magical power is your life essence.
You have superior vitality. (+4 HP)


Message History

You barely miss the adder.
The adder is severely wounded.
The adder bites you. The adder bites you but does no damage.
You hit the adder.
You kill the adder!
Fedhas appreciates your contribution to the ecosystem.
Unknown command.
You see here an adder corpse.
You start resting.
An endoplasm is nearby!
Casting: Corona (safe; 10% risk of failure)
Confirm with . or Enter, or press ? or * to list all spells.
Okay, then.
You see here an adder corpse.
A quokka comes into view.
The quokka moves out of view.
You barely miss the quokka. The quokka bites you.
You barely miss the quokka.
The quokka bites you but does no damage.
The endoplasm hits you. The quokka closely misses you.
You miss the quokka. The quokka barely misses you. The endoplasm misses you.
You barely miss the quokka. The quokka bites you.
The endoplasm barely misses you. The quokka closely misses you.
You barely miss the quokka. The endoplasm freezes you.
You are frozen.
The quokka bites you. The endoplasm freezes you.
You are frozen.
You feel a terrible chill!
* * * LOW HITPOINT WARNING * * *
Casting: Corona (safe; 10% risk of failure)
Confirm with . or Enter, or press ? or * to list all spells.
Okay, then.
Casting: Corona (safe; 10% risk of failure)
Confirm with . or Enter, or press ? or * to list all spells.
You blink.
* * * LOW HITPOINT WARNING * * *
Unknown command.
The quokka bites you.
You die...
Fedhas appreciates your contribution to the ecosystem.

#.# #.#
###.###.#######
#....<...†J...#
#.#.###.#####.#
##.#)# #.# #J#
#####....# #.#
#.# ......#..#
#.# ##.##
#####...##
#.####r..#####
##.##
#....@........
#.#
######...####
#.# ##.## #.#
#.# #.# .# ..
.# ##


You could see a quokka.

Vanquished Creatures
  An adder (D:2)
  A gnoll (D:1)
  An endoplasm (D:1)
  4 goblins
  2 hobgoblins
  5 jackals (D:1)
  2 kobolds
  3 ball pythons (D:1)
  2 bats (D:1)
  2 frilled lizards (D:1)
23 creatures vanquished.

Notes
Turn   | Place    | Note
-------+----------+-------------------------------------------
     0 | D:1      | olmar the Djinni Warper began the quest for the Orb.
     0 | D:1      | Reached XP level 1. HP: 18/18 MP: 0/0
   103 | D:1      | Reached XP level 2. HP: 13/23 MP: 0/0
   817 | D:1      | Reached XP level 3. HP: 15/28 MP: 0/0
   817 | D:1      | Learned a level 1 spell: Corona
   822 | D:1      | Found a faded altar of an unknown god.
  1074 | D:1      | Became a worshipper of Fedhas Madash
  1074 | D:1      | Reached * piety under Fedhas
  2447 | D:2      | Slain by a quokka

Illustrated notes

Levels and vault maps discovered:
D:1:      amcnicky_arrival_underground_garden, layout_basic,
          basic_ecumenical_altar
D:2:      layout_loops_ring, minmay_statues_item, grunt_ministairs_3

Skill      XL: |  1  2 |
---------------+-------+-----
Long Blades    | 2 |  2.1
Fighting       | |  2.5
Throwing       | |  0.7
Armour         | |  1.5
Dodging        | |  2.2
Spellcasting   | |  2.8

Action                   || total
-------------------------++-------
Melee: Falchion          ||   111
 Cast: Blink             ||     3
       Corona            ||     1
  Use: Potion            ||     1
Armor: Leather armour    ||    35
Dodge: Dodged            ||    78

Table legend: (Time is in decaauts)
 A = Elapsed time spent in this place.
 B = Non-inter-level travel time spent in this place.
 C = Inter-level travel time spent in this place.
 D = Time resting spent in this place.
 E = Time spent auto-exploring this place.
 F = Levels seen in this place.
 G = Mean time per level.
                   A        B        C        D        E       F      G
               +--------+--------+--------+--------+--------+-----+--------+
         Total |   2471 |   2431 |     40 |    876 |   1287 |   2 | 1235.5 |
       Dungeon |   2471 |   2431 |     40 |    876 |   1287 |   2 | 1235.5 |
               +--------+--------+--------+--------+--------+-----+--------+

Top non-repeatable levels by time:
     D:1: 2079 daAuts
     D:2: 392 daAuts
